 Dungeon Crawl Stone Soup version 0.30-b1-2-g02819fbbbe (webtiles) character file.

Game seed: 2985090632586901843

931 Grimbledike the Cleaver (level 7, -5/63 HPs)
             Began as a Minotaur Berserker on May 4, 2023.
             Was an Elder of Trog.
             Killed by divine providence
             ... invoked by an orc priest
              (15 damage)
             ... on level 6 of the Dungeon.
             The game lasted 00:25:50 (5130 turns).

Grimbledike the Cleaver (Minotaur Berserker)        Turns: 5130, Time: 00:25:51

Health: -5/63      AC: 14    Str: 23    XL:     7   Next: 86%
Magic:  6/6        EV:  7    Int:  4    God:    Trog [****..]
Gold:   384        SH:  0    Dex: 16    Spells: 6/6 levels left

rFire   . . .        a - +1 hand axe
rCold   . . .        (no shield)
rNeg    + . .        e - +1 plate armour
rPois   .            (helmet restricted)
rElec   .            i - +0 cloak
rCorr   .            (no gloves)
SInv    .            (no boots)
Will    .....        (no amulet) Stlth
                     d - +6 ring of dexterity
HPRegen 0.30/turn    o - ring of positive energy
MPRegen 0.10/turn

%: no passive effects
@: lethally poisoned (-5 -> -16), about to teleport, on berserk cooldown,
slowed, very slow
A: horns 2, retaliatory headbutt
a: Renounce Religion, Berserk, Trog's Hand, Brothers in Arms


You were on level 6 of the Dungeon.
You worshipped Trog.
Trog was greatly pleased with you.
You visited 1 branch of the dungeon, and saw 6 of its levels.
You also visited: Sewer and Ossuary.

You collected 384 gold pieces.

Inventory:

Hand Weapons
 a - a +1 hand axe (weapon)
Armour
 b - a +0 animal skin
 e - a +1 plate armour (worn)
 i - a +0 cloak (worn)
Jewellery
 d - a +6 ring of dexterity (left hand)
 o - a ring of positive energy (right hand)
 p - a ring of protection from fire
 q - a ring of ice
 w - a ring of magical power
Scrolls
 c - 2 scrolls of vulnerability
 f - 2 scrolls of teleportation
 r - a scroll of blinking
 u - 2 scrolls of fear
 y - a scroll of butterflies {unknown}
Potions
 g - 2 potions of berserk rage
 h - 3 potions of ambrosia
 j - 5 potions of curing
 k - 2 potions of heal wounds
 l - a potion of resistance
 m - 3 potions of mutation
 n - 2 potions of might
 s - a potion of haste {unknown}
 t - a potion of lignification {unknown}
 v - 4 potions of brilliance {unknown}
 x - a potion of degeneration {unknown}


   Skills:
 + Level 6.2 Fighting
 + Level 8.7 Axes
 + Level 5.6 Armour
 + Level 2.5 Dodging
 + Level 0.2 Stealth


You had 6 spell levels left.
You didn't know any spells.
Your spell library was empty.

Dungeon Overview and Level Annotations

Branches:
Dungeon (6/15)              Sewer (visited)         Ossuary (visited)
 Temple: D:4-7

Altars:
Hepliaklqana
Kikubaaqudgha
Zin

Annotations:
D:6 Dowan, Duvessa


Innate Abilities, Weirdness & Mutations

You have a pair of horns on your head.
You reflexively headbutt those who attack you in melee.


Message History

You are more poisoned.
The water moccasin poisons you! The scorpion barely misses you.
The water moccasin bites you but does no damage.
Duvessa hits you but does no damage. Dowan hits you but does no damage.
The scorpion barely misses you. You furiously retaliate!
You headbutt the scorpion!
An orc wizard comes into view. It is wielding a +0 dagger.
The orc wizard shouts!
You slash the water moccasin!
Your headbutt misses the water moccasin.
Your punch misses the water moccasin.
The water moccasin is moderately wounded.
You hit Dowan. You hit the scorpion.
You kill the scorpion!
Trog accepts your kill.
You hit Duvessa.
You feel extremely sick.
Something shouts, "Remove thy stench, thou jarring pigeon-egg measle!"
The water moccasin bites you but does no damage.
Duvessa barely misses you. Dowan casts a spell at you.
The puff of flame misses you.
The water moccasin bites you but does no damage.
As you read the scroll of teleportation, it crumbles to dust.
You feel strangely unstable.
* * * LOW HITPOINT WARNING * * *
You feel very sick.
The water moccasin bites you but does no damage.
Duvessa hits you with a +0 short sword.
* * * LOW HITPOINT WARNING * * *
Dowan laughs at you. "Don't get delusional, you can't win!"
Dowan hits you but does no damage.
The water moccasin bites you but does no damage.
Duvessa hits you with a +0 short sword.
* * * LOW HITPOINT WARNING * * *
Dowan points at you and mumbles some strange words.
You resist with some effort.
The orc priest calls down the wrath of Beogh upon you.
Beogh smites you!
You die...

#... #...
##.#.####
...:....#
........#
........#
........#
..o..oe@#
..o...eS#
...)....#
........#
.......<#
##..#####
#.# #. #


You could see Duvessa, a water moccasin, Dowan, an orc priest, an orc wizard and
an orc.

Vanquished Creatures
  A water moccasin (D:5)
  An ogre (D:5)
  A kobold brigand (D:5)
  2 bullfrogs (Sewer)
  2 scorpions
  2 orc wizards (D:4)
  8 mummies (Ossuary)
  4 gnolls (D:5)
  10 adders
  An ufetubus (D:5)
  2 dart slugs
  10 orcs
  4 endoplasms
  9 giant cockroaches
  2 gnoll zombies (Ossuary)
  10 goblins
  4 hobgoblins
  8 jackals
  5 quokkas
  9 ball pythons
  9 bats
  11 frilled lizards
  2 hobgoblin zombies (Ossuary)
  10 kobolds
  A kobold zombie (Ossuary)
  3 orc zombies (Ossuary)
  3 rats
134 creatures vanquished.

Vanquished Creatures (others)
  An ufetubus (D:4)
1 creature vanquished.

Grand Total: 135 creatures vanquished

Notes
Turn   | Place    | Note
-------+----------+-------------------------------------------
     0 | D:1      | Grimbledike the Minotaur Berserker began the quest for the
                  | Orb.
     0 | D:1      | Reached XP level 1. HP: 19/19 MP: 0/0
   193 | D:1      | Reached XP level 2. HP: 27/27 MP: 1/1
   246 | D:1      | Reached skill level 4 in Axes
   600 | D:1      | Reached XP level 3. HP: 34/34 MP: 2/2
   961 | D:2      | Reached ** piety under Trog
  1650 | D:3      | Identified the +3 whip "Zuliphoj" {protect, rPois rC++
                  | Str+4}
  1736 | D:3      | Found a faded altar of an unknown god.
  1749 | D:3      | Reached XP level 4. HP: 41/41 MP: 3/3
  1786 | D:3      | Found a glowing silver altar of Zin.
  2078 | D:3      | Found a glowing drain.
  2091 | Sewer    | Entered a sewer
  2206 | Sewer    | Reached skill level 5 in Axes
  2254 | Sewer    | Reached XP level 5. HP: 44/47 MP: 4/4
  2300 | Sewer    | Reached skill level 5 in Fighting
  2300 | Sewer    | Reached *** piety under Trog
  2304 | Sewer    | Reached XP level 6. HP: 32/56 MP: 5/5
  3350 | D:4      | Found a sand-covered staircase.
  3359 | Ossuary  | Entered an ossuary
  3380 | Ossuary  | Reached skill level 6 in Axes
  4441 | D:5      | Entered Level 5 of the Dungeon
  4456 | D:5      | Reached skill level 7 in Axes
  4515 | D:5      | Identified the +6 leather armour of the Sixty-Six Xeniums
                  | {rElec Int+3}
  4542 | D:5      | Reached skill level 5 in Armour
  4542 | D:5      | Reached XP level 7. HP: 62/62 MP: 6/6
  4554 | D:5      | Reached **** piety under Trog
  4663 | D:5      | Found a hazy altar of Hepliaklqana.
  4709 | D:5      | Reached skill level 8 in Axes
  4911 | D:5      | Found an ancient bone altar of Kikubaaqudgha.
  5120 | D:6      | Noticed Duvessa
  5120 | D:6      | Noticed Dowan
  5130 | D:6      | Killed from afar by an orc priest

Illustrated notes

Levels and vault maps discovered:
D:1:      dpeg_arrival_radiant, layout_basic
D:2:      minmay_wonky_spiral, layout_basic
D:3:      layout_basic, mainiacjoe_overflow_concentric_impassable,
          portal_sewer_entry_d, basic_ecumenical_altar, hangedman_decor_riveting
D:4:      layout_gridville, lightli_ossuary_entry_decrepit_ruins
D:5:      layout_cave_pools, kennysheep_mini_moat, kiku_gazebo_pond_becter
D:6:      layout_rooms, marbit_many_paths, general_overflow_altar,
          nicolae_qazlal_scattered_showers, mainiacjoe_overflow_large_starburst,
          mainiacjoe_overflow_paths, uniq_sigmund, uniq_duvessa

Skill      XL: |  1  2  3  4  5  6  7 |
---------------+----------------------+-----
Fighting       | 4 5 6 |  6.2
Axes           | 4 5 7 8 |  8.7
Armour         | 3 4 5 |  5.6
Dodging        | |  2.5
Stealth        | |  0.2

Action                     |  1- 3 |  4- 6 |  7- 9 || total
---------------------------+-------+-------+-------++-------
  Melee: Hand axe          |    87 |   164 |    39 ||   290
         Headbutt          |    20 |    21 |    12 ||    53
         Punch             |       |     2 |       ||     2
 Invoke: Berserk           |       |     2 |     1 ||     3
    Use: Scroll            |     4 |    10 |     1 ||    15
         Potion            |       |       |     2 ||     2
 Armour: Animal skin       |     3 |       |       ||     3
         Plate armour      |    48 |   106 |    40 ||   194
  Dodge: Dodged            |    34 |    54 |    21 ||   109
